Cogmind - Beta 9.4 @@@ ROGUE MODE // 2020.01.28 @ 20:00:00 Player: Pimski Result: Destroyed by 8R-AWN with 8R-AWN's Boregun Performance ------------- Evolutions (0) 0 Regions Visited (3) 600 Robots Destroyed (19) 95 Value Destroyed (182) 182 Prototype IDs (27) 540 Alien Tech Used (0) 0 Bonus (-118) -118 TOTAL SCORE: 1299 Bonus ------- Aligned with FarCom 300 Friendly Fire -418 Cogmind --------- Core Integrity 0/250 Matter 204/300 Energy 100/100 System Corruption 0% Temperature Cool (0) Movement Core (900) Ox17 Location -10/Exiles Parts ------- > --- POWER (1) -------- (None) > --- PROPULSION (2) --- (None) > --- UTILITY (2) ------ Large Storage Unit High-capacity Storage Unit > --- WEAPON (2) ------- Mining Claw Mining Claw > --- INVENTORY (18) --- Small Matter Pod (50) Small Matter Pod (50) Medium Matter Pod (87) Assault Rifle Light Assault Rifle Light Assault Rifle Light Assault Rifle Light Assault Rifle Light Assault Rifle Grenade Launcher Peak State ------------ > --- POWER ------------ Light Ion Engine > --- PROPULSION ------- Light Treads Light Treads > --- UTILITY ---------- Large Storage Unit High-capacity Storage Unit > --- WEAPON ----------- Light Assault Rifle Light Assault Rifle > --- INVENTORY -------- Light Treads Light Treads Compact Wheel Medium Storage Unit Medium Storage Unit Large Storage Unit Large Storage Unit Superbattery Modified TNC Assault Rifle Light Assault Rifle Light Assault Rifle Light Assault Rifle Grenade Launcher Mining Claw Mining Claw [Rating: 10] Favorites ----------- Power Light Ion Engine Engine Light Ion Engine Propulsion Light Treads Treads Light Treads Leg Aluminum Leg Wheel Compact Wheel Utility High-capacity Storage Unit Storage High-capacity Storage Unit Weapon Light Assault Rifle Ballistic Gun Light Assault Rifle Launcher Grenade Launcher Slashing Weapon Mining Claw Build | -11 -10 -10 -10 ------- Run | Scr Mat Min Exi Slots Evolved . | . . . . Power . | . . . . Propulsion . | . . . . Utility . | . . . . Weapon . | . . . . Parts Attached 18 | 1 5 3 9 Power 1 | . . 1 . Engine 1 | . . 1 . Core . | . . . . Reactor . | . . . . Propulsion 6 | . 2 . 4 Treads 5 | . 2 . 3 Leg . | . . . . Wheel 1 | . . . 1 Hover . | . . . . Flight . | . . . . Utility 4 | 1 1 . 2 Device . | . . . . Storage 4 | 1 1 . 2 Processor . | . . . . Hackware . | . . . . Protection . | . . . . Artifact . | . . . . Weapon 7 | . 2 2 3 Energy Gun . | . . . . Energy Cannon . | . . . . Ballistic Gun 2 | . 1 1 . Ballistic Cannon . | . . . . Launcher 2 | . . 1 1 Special Weapon . | . . . . Impact Weapon . | . . . . Slashing Weapon 3 | . 1 . 2 Piercing Weapon . | . . . . Special Melee Weapon . | . . . . Unidentified Prototypes . | . . . . Parts Lost 7 | . . 1 6 Power 1 | . . . 1 Propulsion 5 | . . . 5 Utility . | . . . . Weapon 1 | . . 1 . Highest Loss Streak 6 | . . 1 6 Average Slot Usage (%) 98 | . 100 100 98 Engine 13 | . 14 14 13 Treads 23 | . 15 28 26 Leg 3 | . 12 . . Storage 28 | . 28 28 28 Ballistic Gun 26 | . 27 25 25 Slashing Weapon 1 | . . . 1 Naked Turns . | . . . . Heaviest Build 55 | 13 18 17 55 Greatest Support 40 | 20 40 40 40 Greatest Overweight (x) 3 | . . . 3 Average Overweight (x) . | . . . . Largest Inventory Capacity 18 | 8 10 10 18 Average Capacity 14 | 6 8 10 16 Most Carried 17 | 6 10 10 17 Average Carried 11 | 6 8 9 12 Final Capacity 18 | 8 10 10 18 Final Carried 10 | 6 10 10 10 Class Distribution -------------------- 100% | Mutant Dominant Class ---------------- Mutant | -10/Materials Mutant | -10/Mines Mutant | -10/Exiles Resources | -11 -10 -10 -10 ----------- Run | Scr Mat Min Exi Matter Collected 419 | 213 110 7 89 Remotely . | . . . . Salvage Created 401 | 62 323 7 9 Parts 33 | 4 24 5 . Haulers Intercepted 1 | . 1 . . Recyclers Shooed 1 | . 1 . . Parts Field Recycled . | . . . . Retrieved Matter . | . . . . Parts Self-Destructed . | . . . . Prevented . | . . . . Kills | -11 -10 -10 -10 ------- Run | Scr Mat Min Exi Combat Hostiles Destroyed 14 | . 8 3 3 Guns 8 | . 8 . . AOE 6 | . . 3 3 Classes Destroyed 5 | 1 3 . 1 Hauler 1 | . 1 . . Recycler 2 | 1 1 . . Swarmer 9 | . 6 3 . Grunt 2 | . 2 . . Assembled 5 | . . . 5 Best Kill Streak 3 | 1 3 3 3 Combat Bots Only 3 | . 3 3 3 Max Kills in Single Turn 3 | 1 1 3 2 Gunslinging . | . . . . Exploded 3 | . . 3 2 Melee . | . . . . Uniques/NPCs Destroyed . | . . . . Combat | -11 -10 -10 -10 -------- Run | Scr Mat Min Exi Damage Taken 1422 | . 262 54 1106 Core 263 | . 47 . 216 Absorbed by Shields . | . . . . Core Remaining (%) 100 | 100 . . . Volleys Fired 42 | 2 32 2 6 Largest 2 | 2 2 1 2 Hottest 50 | 40 40 30 50 Shots Fired 77 | 4 64 2 7 Gun 69 | 4 64 . 1 Cannon . | . . . . Launcher 8 | . . 2 6 Special . | . . . . Kinetic 69 | 4 64 . 1 Thermal . | . . . . Explosive 8 | . . 2 6 Electromagnetic . | . . . . Robot Hit Streak 7 | 1 7 1 3 Robot Miss Streak 3 | 2 3 1 . Penetration Max . | . . . . Secondary Targets 1 | . 1 . . Max Gunslinging Chain 1 | . 1 . . Shots Hit Robots 63 | 1 42 1 19 Core Hits 38 | 2 19 4 13 Critical Hits . | . . . . Critical Kills . | . . . . Critical Parts Destroyed . | . . . . Melee Attacks 24 | . 1 . 23 Impact . | . . . . Slashing 24 | . 1 . 23 Piercing . | . . . . Sneak Attacks . | . . . . Combat Hostiles . | . . . . Follow-up Attacks 1 | . . . 1 Damage Inflicted 1542 | 16 370 224 932 Guns 396 | 16 370 . 10 Cannons . | . . . . Explosions 732 | . . 224 508 Melee 409 | . . . 409 Ramming 5 | . . . 5 Kinetic 396 | 16 370 . 10 Thermal . | . . . . Explosive 732 | . . 224 508 Electromagnetic . | . . . . Impact . | . . . . Slashing 409 | . . . 409 Piercing . | . . . . Highest Corruption . | . . . . Average Corruption . | . . . . Corruption Purged . | . . . . Overload Shots . | . . . . Overflow Damage 92 | . . 33 59 Projectiles . | . . . . Explosions 77 | . . 33 44 Melee 15 | . . . 15 Knockbacks . | . . . . Impact . | . . . . Kinetic . | . . . . Secondary . | . . . . Self-Inflicted Damage . | . . . . Shots . | . . . . Rammed 2 | . 1 . 1 Targets Rammed 2 | . 1 . 1 Kicked . | . . . . Crushed . | . . . . Highest Temperature 18 | . 18 . 10 Average Temperature 9 | . 9 . 7 Received Heat Transfer 48 | . 48 . . Siege Activations . | . . . . Robots Corrupted . | . . . . Combat Hostiles . | . . . . Parts Fried . | . . . . Impact Corruptions . | . . . . Robots Melted . | . . . . Combat Hostiles . | . . . . Parts Melted . | . . . . Heat Transferred . | . . . . Parts Sabotaged . | . . . . Parts Stolen . | . . . . Parts Stripped . | . . . . Power Chain Reactions . | . . . . Missiles Intercepted . | . . . . Alert | -11 -10 -10 -10 ------- Run | Scr Mat Min Exi Peak Influence 172 | 5 172 108 . Average Influence 90 | 4 93 101 . Maximum Alert Level . | . . . . Low Security (%) 100 | 100 100 100 . Level 1 . | . . . . Level 2 . | . . . . Level 3 . | . . . . Level 4 . | . . . . Level 5 . | . . . . High Security . | . . . . Max Security . | . . . . Squads Dispatched . | . . . . Investigation . | . . . . Extermination . | . . . . Reinforcement . | . . . . Assault . | . . . . Garrison . | . . . . Intercept . | . . . . Construction Impeded . | . . . . Haulers Reinforced . | . . . . Stealth | -11 -10 -10 -10 --------- Run | Scr Mat Min Exi Distress Signals 2 | . 2 . . Communications Jammed . | . . . . Distress Signals . | . . . . Times Spotted 21 | . 12 3 6 Peak Tracking Total 7 | . 3 3 7 Tactical Retreats . | . . . . Traps | -11 -10 -10 -10 ------- Run | Scr Mat Min Exi Traps Triggered . | . . . . Indirectly . | . . . . Trap Hack Attempts . | . . . . Triggered . | . . . . Disarmed . | . . . . Reprogrammed . | . . . . Reused . | . . . . Traps Extracted . | . . . . Installed . | . . . . Triggered . | . . . . Machines | -11 -10 -10 -10 ---------- Run | Scr Mat Min Exi Machines Disabled 4 | . . 1 3 Max in Single Turn 1 | . . 1 1 Machines Sabotaged . | . . . . Garrisons Compromised . | . . . . Overloaded Fab Kills . | . . . . Fab Network Shutdowns . | . . . . Hacking | -11 -10 -10 -10 --------- Run | Scr Mat Min Exi Machines Accessed 5 | . 3 . 2 Terminals 3 | . 3 . . Fabricators . | . . . . Repair Stations . | . . . . Recycling Units . | . . . . Scanalyzers . | . . . . Garrison Access . | . . . . Total Hacks 13 | . 11 . 2 Successful 10 | . 8 . 2 Failed 3 | . 3 . . Catastrophic . | . . . . Database Lockouts . | . . . . Manual 11 | . 10 . 1 Terminals 11 | . 11 . . Fabricators . | . . . . Repair Stations . | . . . . Recycling Units . | . . . . Scanalyzers . | . . . . Garrison Access . | . . . . Terminal Hacks 9 | . 7 . 2 Record 1 | . . . 1 Robot Analysis 2 | . 2 . . Prototype ID Bank 4 | . 4 . . Branch Access Points 1 | . 1 . . EX-Prototype ID Bank 1 | . . . 1 Fabricator Hacks . | . . . . Repair Station Hacks . | . . . . Recycling Unit Hacks . | . . . . Scanalyzer . | . . . . Garrison Access Hacks . | . . . . Unauthorized Hacks 2 | . 2 . . Terminals 1 | . 1 . . Botnet 1 | . 1 . . Fabricators . | . . . . Repair Stations . | . . . . Recycling Units . | . . . . Scanalyzers . | . . . . Garrison Access . | . . . . Data Cores Recovered . | . . . . Used . | . . . . Hacking Detections 3 | . 3 . . Full Trace Events . | . . . . Feedback Events . | . . . . Feedback Blocked . | . . . . Robot Schematics Acquired . | . . . . Robots Built . | . . . . Matter . | . . . . Time . | . . . . Total Robot Build Rating . | . . . . Part Schematics Acquired . | . . . . Parts Built . | . . . . Matter . | . . . . Time . | . . . . Total Part Build Rating . | . . . . Parts Repaired . | . . . . Time . | . . . . Parts Recycled . | . . . . Recycled Matter . | . . . . Retrieved Matter . | . . . . Retrieved Components . | . . . . Parts Scanalyzed . | . . . . Part Schematics Acquired . | . . . . Parts Damaged . | . . . . Bothacking | -11 -10 -10 -10 ------------ Run | Scr Mat Min Exi Used RIF Installer . | . . . . Robots Hacked . | . . . . Non-combat . | . . . . Combat . | . . . . Robot Hacks Applied . | . . . . Relay Couplers Released . | . . . . Robots Rewired . | . . . . Allies Hacked . | . . . . Hacks Repelled . | . . . . Allies | -11 -10 -10 -10 -------- Run | Scr Mat Min Exi Total Allies . | . . . . Largest Group . | . . . . Highest-Rated Group . | . . . . Highest-Rated Ally . | . . . . Total Orders . | . . . . Ally Attacks . | . . . . Total Damage . | . . . . Kills . | . . . . Allies Corrupted . | . . . . Allies Melted . | . . . . Intel | -11 -10 -10 -10 ------- Run | Scr Mat Min Exi Robot Analysis Total 2 | . 2 . . Derelict Logs Recovered . | . . . . Drone Launches . | . . . . Drone Recoveries . | . . . . Exploration | -11 -10 -10 -10 ------------- Run | Scr Mat Min Exi Turns Passed 1821 | 20 483 64 1254 Spaces Moved 946 | 12 255 35 644 Core . | . . . . Treads 807 | . 129 35 643 Legs 138 | 12 126 . . Wheels 1 | . . . 1 Hover . | . . . . Flight . | . . . . Fastest Speed 120 | 120 120 160 130 Average Speed 165 | 120 140 160 176 Slowest Speed 200 | 120 160 160 200 Overloaded Moves . | . . . . Propulsion Burnouts . | . . . . Robots Hopped . | . . . . Cave-ins Triggered . | . . . . Exploration Rate (%) 30 | 2 37 14 69 Regions Visited 3 Branch Regions 2 Pre-discovered Areas 1 | . . . 1 Known Exits Taken 1 | . 1 . . Unknown Exits Taken 2 | 1 . 1 . Scrap Searched . | . . . . Spaces Dug 1 | . 1 . . Terrain Destroyed 28 | . 1 15 12 Melee 1 | . 1 . . Projectile . | . . . . AOE 27 | . . 15 12 Actions | -11 -10 -10 -10 --------- Run | Scr Mat Min Exi Total 1093 | 14 328 42 709 Wait 22 | . 18 . 4 Move 943 | 11 254 34 644 Hop . | . . . . Pick Up 23 | . 10 1 12 Fast Attach 1 | 1 . . . Attach 5 | . . 2 3 Detach 1 | . . 1 . Swap 12 | . 5 1 6 Drop 19 | . 7 1 11 Fire 42 | 2 32 2 6 Melee 23 | . 1 . 22 Ram . | . . . . Kick . | . . . . Crush 2 | . 1 . 1 Escape Stasis . | . . . . Rewire . | . . . . Trap . | . . . . Miscellaneous . | . . . . Route ------- -11/Scrapyard -10/Materials (discovered 3 exits: [*Mat x2] / *Min) -10/Mines -10/Exiles (discovered 1 exit: [*Min]) History --------- Turn | Location | Event 7 | -11/Scrapyard | Discovered new exit (range 3) 21 | -11/Scrapyard | Entered Materials 57 | -10/Materials | Discovered new exit (range 15) 99 | -10/Materials | Identified exit to Mines 335 | -10/Materials | Build established: Mutant 378 | -10/Materials | Discovered new exit (range 16) 504 | -10/Materials | Entered Mines 561 | -10/Mines | Deemed a non-threat by the Exiles lab entrance 561 | -10/Mines | Discovered new exit (range 5) 568 | -10/Mines | Entered Exiles 607 | -10/Exiles | Met 8R-AWN 634 | -10/Exiles | Met EX-HEX 693 | -10/Exiles | Met EX-DEC 784 | -10/Exiles | Learned location of Zion (-6) 1091 | -10/Exiles | Met EX-BIN 1115 | -10/Exiles | Aligned with FarCom system 1116 | -10/Exiles | Given EX-Vault access code 1158 | -10/Exiles | Opened EX-Vault 1167 | -10/Exiles | Found Superbattery 1175 | -10/Exiles | Found Modified TNC 1180 | -10/Exiles | Found PSU Rigger 1218 | -10/Exiles | Warned to stay clear of 0b10 Research branches 1339 | -10/Exiles | Discovered new exit (range 14) 1720 | -10/Exiles | Attacked by the Exiles 1754 | -10/Exiles | Core integrity fell below 50% 1806 | -10/Exiles | Core integrity fell below 20% 1819 | -10/Exiles | Lost 6 parts (1p5n) 1822 | -10/Exiles | Destroyed by 8R-AWN with 8R-AWN's Boregun Last Messages --------------- 01780_ HV Slug penetrates Wall. 01783_ Mining Claw follow-up attack on 8R-AWN. 01784_ Penetrated by HV Slug. 01784_ HV Slug penetrates Wall. 01784_ Penetrated by HV Slug. 01784_ HV Slug penetrates Earth. 01788_ Penetrated by HV Slug. 01788_ Com. Wheel destroyed. 01788_ HV Slug penetrates Earth. 01788_ Penetrated by HV Slug. 01788_ HV Slug penetrates Earth. 01789_ Prototype Leg severed. 01792_ Penetrated by HV Slug. 01792_ HV Slug penetrates Earth. 01792_ Penetrated by HV Slug. 01792_ HV Slug penetrates Earth. 01797_ HV Slug penetrates Wall. 01801_ Penetrated by HV Slug. 01801_ HV Slug penetrates Earth. 01801_ Penetrated by HV Slug. Map ----- +----------------------------------------------------+ | """#?????????????????????????????????????????? | | """#?????????????????????????????????????????? | | """#?????????????????????????????????????????? | | """#?????????????????????????????????????????? | | """"?????????????????????????????????????????? | | """#?????????????????????????????????????????? | | "X" """"?????????????????????????????????????????? | | """ #?????????????????????????????????????????? | | """""""#?????????????????????????????????????????? | | ########?????????????????????????????????????????? | | ?????????????????????????????????????????????????? | | ?????????????????????????????????????????????????# | | ?????????????????????????????????????????????????# | | ???##########????????????????????????????????????# | | ####"""""""""##??????????????????????????????????# | | " """ """"##????????????????????????????????## | | "" " #???????????????????????????????## | | " """#???????????????????????????????# ! | | " "#???????????#####???????????????# ! | | " "##??????#####" #??????????????## | | "###????# ##" ##????????????## | | ""#????# ## ;#????????????# | | "#????#;# ###????????### | | " ##???# ########## | | "" ##?##g #""""## | | """ ### @ | | " #; | | "" ;### | | "# #"""""#### * | | #"""###;######??#### ** | | a ######??# #?????????##### | | #????????# #????????????### | | " ##?????????# #?????????????### | | "" " ???????????# #??????????????# | | " " ""#" "###????????????# ??????????????? | | #""" """# ##???????????????? ?????????????? | | ###""""### #?????????????????? ????????????? | | ??######?########????????????????????????????????? | | ?????????????????????????????????????????????????? | | ?????????????????????????????????????????????????? | | ?????????????????????????????????????????????????? | | ?????????????????????????????????????????????????? | | ?????????????????????????????????????????????????? | | ?????????????????????????????????????????????????? | | ?????????????????????????????????????????????????? | | ?????????????????????????????????????????????????? | | ?????????????????????????????????????????????????? | | ?????????????????????????????????????????????????? | | ?????????????????????????????????????????????????? | | ?????????????????????????????????????????????????? | +----------------------------------------------------+ Best States ------------- Heat Dissipation 25 Energy Generation 10 Energy Capacity 125 Matter Stores 300 Matter Capacity 300 Sight Range 16 Terrain Scan Density 10 Evasion (%) 40 Recoil Reduction 2 Item Schematics ----------------- None Robot Schematics ------------------ None Fabricated ------------ Nothing Alien Tech Used ----------------- None Achievements -------------- None Challenges ------------ None Game ------ Seed MobileUltimateLaser Manual? 0 Play Time 00:16:21 Cumulative 647.0 hours Start 2020.01.28 @ 19:44:29 End 2020.01.28 @ 20:00:00 Sessions 1 Manual Loads 0 Difficulty Rogue Special Mode None Game No. 420 Rogue 420 Adventurer 0 Explorer 0 Win Type - Total 103 Types 69/6/8/10/5/1/4 Lore% 97 Gallery% 95 Achievement% 80 Wizard Run 0 Options --------- ASCII 0 Keyboard 0 Movement Numpad Keybinds 0 Fullscreen 2 Font 18/SmallcapsGlow Map View 76x50 Tactical HUD 1 Map Filters NONE Filters NONE Steam 1 RUN: af53e5f8-fc56-4771-b0d7-7fdbb89dda93